 Dungeon Crawl Stone Soup version 0.25.1-2-g60ff931df9 (webtiles) character file.

Game seed: 13941700076426889215

18685 gbos the Cleaver (level 12, 0/109 HPs)
             Began as a Deep Dwarf Fighter on Nov 17, 2020.
             Was an Elder of Ru.
             Succumbed to a redback's poison
             ... on level 3 of the Lair of Beasts.
             The game lasted 00:10:06 (8878 turns).

gbos the Cleaver (Deep Dwarf Fighter)               Turns: 8878, Time: 00:10:07

Health: 0/109      AC: 15    Str: 26    XL:     12   Next: 29%
Magic:  8/8        EV:  8    Int:  8    God:    Ru [****..]
Gold:   741        SH: 19    Dex: 18    Spells: 15/15 levels left

rFire    + . .     SeeInvis .   a - +2 broad axe (vorpal)
rCold    + . .     Gourm    .   k - +0 tower shield
rNeg     + . .     Faith    .   l - +0 plate armour
rPois    .         Spirit   .   t - +1 helmet
rElec    .         Reflect  .   q - scarf {rC+ rF+}
rCorr    .         Harm     .   (no gloves)
MR       .....                  (no boots)
Stlth    ..........             (no amulet)
HPRegen  0.00/turn              Y - ring of positive energy
MPRegen  0.11/turn              o - +6 ring of dexterity

@: lethally poisoned (0 -> -66), exhausted, non-regenerating, studying Shields,
lightly drained
A: damage resistance, heal wounds, sense surroundings 2, inability to use
devices, magic vulnerability 2, no regeneration
a: Heal Wounds, Draw Out Power, Power Leap, Renounce Religion


You were on level 3 of the Lair of Beasts.
You worshipped Ru.
Ru was greatly pleased with you.
You were not hungry.

You visited 3 branches of the dungeon, and saw 12 of its levels.

You collected 741 gold pieces.


Innate Abilities, Weirdness & Mutations

You are resistant to damage.
You can heal yourself by infusing magical energy.
You passively map the area around you.
You cannot study or use magical devices.
You are vulnerable to magic. (MR--)
You do not regenerate.


   Skills:
 - Level 7.2(6.9) Fighting
 - Level 14.8(14.4) Axes
 - Level 8.1(7.8) Armour
 - Level 6.0(5.7) Dodging
 + Level 11.8(11.5) Shields
 - Level 2.0(1.7) Spellcasting


You had 15 spell levels left.
You didn't know any spells.
Your spell library was empty.

Inventory:

Hand Weapons
 a - a +2 vorpal broad axe (weapon)
 j - a +0 flail
Missiles
 b - 15 boomerangs
 v - 4 javelins (quivered)
Armour
 k - a +0 tower shield (worn)
 l - a +0 plate armour (worn)
 q - a scarf of resistance (worn)
 t - a +1 helmet (worn)
Jewellery
 h - an uncursed ring of ice
 o - a +6 ring of dexterity (right hand)
 s - an uncursed ring of fire
 Y - a ring of positive energy (left hand)
Scrolls
 g - a scroll of identify
 i - 5 scrolls of teleportation
 p - a scroll of remove curse
 w - a scroll of magic mapping {unknown}
Potions
 d - 3 potions of might
 m - a potion of heal wounds
 n - a potion of haste
 r - a potion of magic {unknown}
 u - a potion of mutation
Books
 c - a manual of Shields
Comestibles
 e - 20 rations

Dungeon Overview and Level Annotations

Branches:
Dungeon (8/15)             Temple (1/1) D:5            Lair (3/6) D:8
  Swamp: Lair:2-4    Shoals: Lair:2-4     Snake: Lair:2-4    Spider: Lair:2-4

Altars:
Ashenzari
Cheibriados
Dithmenos
Elyvilon
Fedhas
Gozag
Hepliaklqana
Kikubaaqudgha
Makhleb
Nemelex Xobeh
Okawaru
Qazlal
Ru
Sif Muna
Trog
Uskayaw
Vehumet
Wu Jian
Xom
Yredelemnul
Zin
The Shining One
Beogh


Message History

The redback bites you!
You are more poisoned.
The redback poisons you!
You focus your will and blind the redback in retribution!
The redback bites you but does no damage.
8870 ||| INVOKING Draw Out Power.
You are restored by drawing out deep reserves of power within.
You feel drained.
You feel extremely sick. You block the redback's attack.
You slice the redback!!
You kill the redback!
You feel extremely sick.
You feel extremely sick.
You feel extremely sick.
You feel extremely sick.
You feel extremely sick.
You feel extremely sick.
You feel extremely sick.
You die...

..# * ,, , , , #..##
, , , , , ....# * * ,
, , , ...# , .###
##### *** , ,
.#.######### #...##
....##...#.###.#..# *
,,,,
#....#..###.#....## ,
* ...............%@#
, , ,,
...............%.# *
,
.............##^^.#*
, ,
..............##^^.#
, ,
###.#..........#..^^^
, , , .
#............##.^^^ ,
,
##............#^^^^.
* , ,
##...........##^^(..
, ,, , , ,


There were no monsters in sight!

Vanquished Creatures
  A hydra (Lair:2)
  Fannar (Lair:2)
  A two-headed ogre (D:8)
  A death yak (Lair:2)
  Pikel (D:8)
  6 black mambas
  Psyche (D:8)
  A torpor snail (Lair:2)
  4 komodo dragons
  5 spiny frogs
  A rime drake (Lair:3)
  2 jumping spiders (Lair:3)
  2 hippogriffs
  A wyvern (Lair:3)
  2 redbacks (Lair:3)
  22 yaks
  3 basilisks
  A hungry ghost (D:8)
  10 water moccasins
  An orc warrior (D:8)
  9 porcupines
  A slave (D:8)
  2 black bears
  A phantom (D:5)
  An ogre (D:6)
  A centaur (D:8)
  3 wolves (Lair:3)
  7 crocodiles
  A big kobold (D:7)
  5 bullfrogs
  A scorpion (Lair:1)
  4 wights (D:8)
  A howler monkey (D:4)
  4 crimson imps
  4 hounds
  4 jellies
  2 bullfrog skeletons
  5 orc priests
  2 iguanas (D:5)
  2 orc wizards (D:3)
  5 worker ants
  3 killer bee zombies
  2 hound skeletons (D:4)
  A howler monkey zombie (D:7)
  2 howler monkey skeletons
  A worker ant zombie (D:8)
  11 adders
  2 oozes
  2 adder skeletons
  3 worms
  2 dart slugs
  5 leopard geckos
  36 orcs
  3 ball pythons
  8 giant cockroaches
  12 goblins
  13 hobgoblins
  6 jackals
  9 kobolds
  4 quokkas
  4 bats
  4 frilled lizards
  A quokka zombie (D:5)
  8 rats
  5 fungi
  A plant (Lair:1)
280 creatures vanquished.

Vanquished Creatures (others)
  A hydra (Lair:3)
  A water moccasin (Lair:1)
  A porcupine (Lair:1)
  A crocodile (Lair:3)
  An orc wizard (D:8)
  3 orcs (D:8)
  4 bushes (D:8)
  4 fungi (D:8)
  19 plants (D:8)
35 creatures vanquished.

Grand Total: 315 creatures vanquished

Notes
Turn   | Place    | Note
-------+----------+-------------------------------------------
     0 | D:1      | gbos the Deep Dwarf Fighter began the quest for the Orb.
     0 | D:1      | Reached XP level 1. HP: 20/20 MP: 1/1
     0 | D:1      | 0 ||| counter = 175
    35 | D:1      | 35 ||| Stepping ~*~*~tactically~*~*~ (stealth).
    66 | D:1      | Reached skill level 3 in Axes
    67 | D:1      | Reached XP level 2. HP: 24/27 MP: 2/2
   199 | D:1      | 199 ||| Stepping ~*~*~tactically~*~*~ (stealth).
   202 | D:1      | Reached skill level 1 in Dodging
   211 | D:1      | 211 ||| Stepping ~*~*~tactically~*~*~ (hiding).
   212 | D:1      | 212 ||| Stepping ~*~*~tactically~*~*~ (hiding).
   216 | D:1      | 216 ||| Waiting for ranged monster.
   217 | D:1      | 217 ||| Waiting for ranged monster.
   218 | D:1      | 218 ||| Waiting for ranged monster.
   219 | D:1      | 219 ||| Waiting for ranged monster.
   220 | D:1      | 220 ||| Waiting for ranged monster.
   221 | D:1      | 221 ||| Waiting for ranged monster.
   353 | D:1      | 353 ||| Stepping ~*~*~tactically~*~*~ (stealth).
   448 | D:1      | Reached XP level 3. HP: 21/33 MP: 3/3
   557 | D:1      | 557 ||| UPGRADING to chain mail.
   567 | D:1      | 567 ||| DROPPING +0 scale mail.
   568 | D:1      | 568 ||| READING scroll labeled IBOKUV ODUYNK.
   569 | D:1      | 569 ||| READING scroll labeled PUNISM VIKEKH.
   586 | D:2      | 586 ||| STAIRDANCE
   617 | D:2      | 617 ||| Stepping ~*~*~tactically~*~*~ (stealth).
   619 | D:2      | 619 ||| Stepping ~*~*~tactically~*~*~ (stealth).
   621 | D:2      | 621 ||| Stepping ~*~*~tactically~*~*~ (hiding).
   622 | D:2      | 622 ||| Waiting for ranged monster.
   627 | D:2      | 627 ||| Waiting for ranged monster.
   628 | D:2      | 628 ||| Waiting for ranged monster.
   629 | D:2      | 629 ||| Waiting for ranged monster.
   630 | D:2      | 630 ||| Waiting for ranged monster.
   683 | D:2      | 683 ||| Stepping ~*~*~tactically~*~*~ (stealth).
   684 | D:2      | 684 ||| Stepping ~*~*~tactically~*~*~ (stealth).
   693 | D:2      | Reached skill level 4 in Axes
   702 | D:2      | 702 ||| Stepping ~*~*~tactically~*~*~ (stealth).
   784 | D:2      | 784 ||| Stepping ~*~*~tactically~*~*~ (stealth).
   818 | D:2      | 818 ||| Stepping ~*~*~tactically~*~*~ (stealth).
   819 | D:2      | 819 ||| Stepping ~*~*~tactically~*~*~ (stealth).
   820 | D:2      | 820 ||| Stepping ~*~*~tactically~*~*~ (stealth).
   821 | D:2      | 821 ||| Stepping ~*~*~tactically~*~*~ (stealth).
   858 | D:2      | 858 ||| INVOKING Heal Wounds.
   863 | D:2      | 863 ||| Stepping ~*~*~tactically~*~*~ (hiding).
   864 | D:2      | 864 ||| Waiting for ranged monster.
   865 | D:2      | 865 ||| Waiting for ranged monster.
   866 | D:2      | 866 ||| Waiting for ranged monster.
   870 | D:2      | 870 ||| Waiting for ranged monster.
   871 | D:2      | 871 ||| Waiting for ranged monster.
   872 | D:2      | 872 ||| Waiting for ranged monster.
   876 | D:2      | 876 ||| DROPPING +0 club.
   889 | D:2      | 889 ||| Stepping ~*~*~tactically~*~*~ (stealth).
  1143 | D:2      | 1143 ||| Stepping ~*~*~tactically~*~*~ (stealth).
  1152 | D:2      | Reached XP level 4. HP: 40/40 MP: 4/4
  1229 | D:2      | 1229 ||| READING scroll labeled GALURO MAF LYO.
  1230 | D:2      | 1230 ||| READING scroll labeled ATUIRO ZUZ ZON.
  1231 | D:2      | 1231 ||| DRINKING 2 bubbling silvery potions.
  1232 | D:2      | 1232 ||| DRINKING 2 bubbling cyan potions.
  1233 | D:2      | 1233 ||| DROPPING potion of stabbing.
  1280 | D:3      | 1280 ||| Stepping ~*~*~tactically~*~*~ (stealth).
  1281 | D:3      | 1281 ||| Stepping ~*~*~tactically~*~*~ (stealth).
  1287 | D:3      | 1287 ||| Stepping ~*~*~tactically~*~*~ (hiding).
  1288 | D:3      | 1288 ||| Waiting for ranged monster.
  1289 | D:3      | 1289 ||| Waiting for ranged monster.
  1300 | D:3      | Reached skill level 5 in Axes
  1312 | D:3      | Reached XP level 5. HP: 42/46 MP: 5/5
  1401 | D:3      | 1401 ||| Stepping ~*~*~tactically~*~*~ (stealth).
  1541 | D:3      | 1541 ||| SWAPPING to runed hand axe.
  1542 | D:3      | 1542 ||| SWAPPING to +1 war axe.
  1543 | D:3      | 1543 ||| DROPPING +1 hand axe of freezing.
  1796 | D:3      | 1796 ||| DROPPING whip.
  1884 | D:3      | 1884 ||| Stepping ~*~*~tactically~*~*~ (hiding).
  1885 | D:3      | 1885 ||| Waiting for ranged monster.
  1886 | D:3      | 1886 ||| Waiting for ranged monster.
  1887 | D:3      | 1887 ||| Waiting for ranged monster.
  1888 | D:3      | 1888 ||| Waiting for ranged monster.
  1889 | D:3      | 1889 ||| Waiting for ranged monster.
  1890 | D:3      | 1890 ||| Waiting for ranged monster.
  1933 | D:3      | Reached skill level 6 in Axes
  1976 | D:3      | 1976 ||| Stepping ~*~*~tactically~*~*~ (stealth).
  2035 | D:3      | 2035 ||| UPGRADING to helmet.
  2040 | D:3      | 2040 ||| UPGRADING to runed scarf.
  2045 | D:3      | 2045 ||| READING scroll labeled FOICOD UTEG.
  2046 | D:3      | 2046 ||| READING scroll labeled WOSAINW TYMPA.
  2049 | D:3      | 2049 ||| DRINKING 2 red potions.
  2050 | D:3      | 2050 ||| DRINKING 3 amethyst potions.
  2051 | D:3      | 2051 ||| READING 3 scrolls of identify.
  2051 | D:3      | 2051 ||| IDENTIFYING small ivory ring
  2052 | D:3      | 2052 ||| DROPPING ring of stealth.
  2053 | D:3      | 2053 ||| READING 2 scrolls of identify.
  2053 | D:3      | 2053 ||| IDENTIFYING glowing granite ring
  2054 | D:3      | 2054 ||| DROPPING ring of wizardry.
  2125 | D:4      | Found an opulent altar of Gozag.
  2134 | D:4      | 2134 ||| Stepping ~*~*~tactically~*~*~ (hiding).
  2135 | D:4      | 2135 ||| Waiting for ranged monster.
  2136 | D:4      | 2136 ||| Stepping ~*~*~tactically~*~*~ (hiding).
  2137 | D:4      | 2137 ||| Waiting for ranged monster.
  2138 | D:4      | 2138 ||| Stepping ~*~*~tactically~*~*~ (hiding).
  2330 | D:4      | Reached XP level 6. HP: 54/55 MP: 6/6
  2350 | D:4      | Reached skill level 7 in Axes
  2637 | D:4      | Found an iron altar of Okawaru.
  2699 | D:4      | 2699 ||| READING 2 scrolls labeled HUSAUNWEKHA.
  2700 | D:4      | 2700 ||| UPGRADING to flail.
  2701 | D:4      | 2701 ||| SWAPPING to +1 war axe.
  2702 | D:4      | 2702 ||| READING 6 scrolls of identify.
  2702 | D:4      | 2702 ||| IDENTIFYING scratched steel ring
  2703 | D:4      | 2703 ||| READING 5 scrolls of identify.
  2703 | D:4      | 2703 ||| IDENTIFYING ruby potion
  2704 | D:4      | 2704 ||| READING 4 scrolls of identify.
  2704 | D:4      | 2704 ||| IDENTIFYING fuming brown potion
  2705 | D:4      | 2705 ||| DROPPING potion of degeneration.
  2706 | D:4      | 2706 ||| DROPPING potion of lignification.
  2712 | D:5      | Entered Level 5 of the Dungeon
  2714 | D:5      | 2714 ||| STAIRDANCE
  2738 | D:5      | Found a staircase to the Ecumenical Temple.
  2747 | Temple   | Entered the Ecumenical Temple
  2748 | Temple   | 2748 ||| Entered T.
  2800 | Temple   | Became a worshipper of Ru the Awakened
  3132 | D:5      | 3132 ||| FLEEEEING.
  3133 | D:5      | 3133 ||| FLEEEEING.
  3134 | D:5      | 3134 ||| FLEEEEING.
  3135 | D:5      | 3135 ||| FLEEEEING.
  3136 | D:5      | 3136 ||| FLEEEEING.
  3137 | D:5      | 3137 ||| FLEEEEING.
  3138 | D:5      | 3138 ||| FLEEEEING.
  3139 | D:5      | 3139 ||| FLEEEEING.
  3140 | D:5      | 3140 ||| FLEEEEING.
  3141 | D:5      | 3141 ||| FLEEEEING.
  3142 | D:5      | 3142 ||| FLEEEEING.
  3143 | D:5      | 3143 ||| FLEEEEING.
  3144 | D:5      | 3144 ||| FLEEEEING.
  3145 | D:5      | 3145 ||| FLEEEEING.
  3147 | D:5      | Reached skill level 1 in Spellcasting
  3259 | D:5      | 3259 ||| INVOKING Heal Wounds.
  3266 | D:5      | Reached XP level 7. HP: 38/61 MP: 9/9
  3277 | D:5      | Reached skill level 8 in Axes
  3368 | D:5      | 3368 ||| INVOKING Heal Wounds.
  3373 | D:5      | 3373 ||| Stepping ~*~*~tactically~*~*~ (stealth).
  3595 | D:5      | Reached skill level 3 in Fighting
  3696 | D:5      | 3696 ||| READING scroll labeled DAIXZY CUBIJ.
  3697 | D:5      | 3697 ||| READING 5 scrolls of identify.
  3697 | D:5      | 3697 ||| IDENTIFYING shiny gilded ring
  3698 | D:5      | 3698 ||| UPGRADING to ring of positive energy.
  3699 | D:5      | 3699 ||| READING 4 scrolls of identify.
  3699 | D:5      | 3699 ||| IDENTIFYING cyan potion
  4079 | D:6      | 4079 ||| Stepping ~*~*~tactically~*~*~ (stealth).
  4082 | D:6      | Found a shimmering altar of Xom.
  4083 | D:6      | 4083 ||| Stepping ~*~*~tactically~*~*~ (hiding).
  4084 | D:6      | 4084 ||| Waiting for ranged monster.
  4091 | D:6      | Reached skill level 9 in Axes
  4093 | D:6      | 4093 ||| Stepping ~*~*~tactically~*~*~ (stealth).
  4096 | D:6      | Reached XP level 8. HP: 39/70 MP: 11/11
  4107 | D:6      | 4107 ||| INVOKING Heal Wounds.
  4142 | D:6      | 4142 ||| Stepping ~*~*~tactically~*~*~ (stealth).
  4190 | D:6      | 4190 ||| INVOKING Heal Wounds.
  4363 | D:7      | 4363 ||| INVOKING Sacrifice Essence.
  4363 | D:7      | Gained mutation: You are slightly vulnerable to magic.
                  | (MR-) [Ru sacrifice]
  4363 | D:7      | Reached * piety under Ru
  4466 | D:7      | 4466 ||| Stepping ~*~*~tactically~*~*~ (stealth).
  4485 | D:7      | 4485 ||| INVOKING Heal Wounds.
  4518 | D:7      | 4518 ||| Stepping ~*~*~tactically~*~*~ (stealth).
  4520 | D:7      | 4520 ||| Stepping ~*~*~tactically~*~*~ (hiding).
  4549 | D:7      | 4549 ||| READING scroll of enchant armour.
  4549 | D:7      | 4549 ||| ENCHANTING +0 helmet.
  4648 | D:7      | Found a flagged portal.
  4682 | D:7      | 4682 ||| Stepping ~*~*~tactically~*~*~ (hiding).
  4877 | D:7      | Found a sparkling altar of Nemelex Xobeh.
  4999 | D:7      | Reached skill level 10 in Axes
  5041 | D:7      | 5041 ||| READING scroll labeled HEDETE WAWKUPU.
  5042 | D:7      | 5042 ||| READING 3 scrolls of identify.
  5042 | D:7      | 5042 ||| IDENTIFYING knobbly brass ring
  5043 | D:7      | 5043 ||| DROPPING cursed ring of teleportation.
  5044 | D:7      | 5044 ||| READING 2 scrolls of identify.
  5044 | D:7      | 5044 ||| IDENTIFYING grey potion
  5080 | D:8      | 5080 ||| INVOKING Heal Wounds.
  5111 | D:8      | Noticed Pikel
  5114 | D:8      | 5114 ||| Stepping ~*~*~tactically~*~*~ (stealth).
  5117 | D:8      | 5117 ||| Stepping ~*~*~tactically~*~*~ (stealth).
  5125 | D:8      | Killed Pikel
  5125 | D:8      | Gained mutation: You passively map the area around you.
                  | [Deep Dwarf growth]
  5125 | D:8      | Reached XP level 9. HP: 52/78 MP: 11/11
  5169 | D:8      | 5169 ||| Stepping ~*~*~tactically~*~*~ (hiding).
  5197 | D:8      | 5197 ||| INVOKING Heal Wounds.
  5210 | D:8      | 5210 ||| Stepping ~*~*~tactically~*~*~ (hiding).
  5274 | D:8      | Found a roughly hewn altar of Beogh.
  5347 | D:8      | Reached skill level 3 in Dodging
  5348 | D:8      | 5348 ||| INVOKING Heal Wounds.
  5352 | D:8      | Found a shimmering altar of Xom.
  5417 | D:8      | Found a faded altar of an unknown god.
  5417 | D:8      | Found a glowing golden altar of the Shining One.
  5427 | D:8      | Found an ornate altar of the Wu Jian Council.
  5429 | D:8      | Found a shimmering blue altar of Sif Muna.
  5431 | D:8      | Found a white marble altar of Elyvilon.
  5479 | D:8      | 5479 ||| Stepping ~*~*~tactically~*~*~ (stealth).
  5503 | D:8      | 5503 ||| Stepping ~*~*~tactically~*~*~ (stealth).
  5515 | D:8      | 5515 ||| INVOKING Heal Wounds.
  5548 | D:8      | Noticed a two-headed ogre
  5560 | D:8      | 5560 ||| INVOKING Heal Wounds.
  5561 | D:8      | HP: 19/78 [two-headed ogre/+0 giant club (8)]
  5562 | D:8      | 5562 ||| READING 4 scrolls of teleportation.
  5562 | D:8      | HP: 5/78 [two-headed ogre/+0 giant club (14)]
  5563 | D:8      | 5563 ||| DRINKING 2 potions of heal wounds.
  5564 | D:8      | 5564 ||| FLEEEEING.
  5565 | D:8      | 5565 ||| FLEEEEING.
  5566 | D:8      | 5566 ||| INVOKING Heal Wounds.
  5584 | D:8      | 5584 ||| Stepping ~*~*~tactically~*~*~ (hiding).
  5585 | D:8      | 5585 ||| Waiting for ranged monster.
  5591 | D:8      | 5591 ||| Waiting for ranged monster.
  5592 | D:8      | 5592 ||| Waiting for ranged monster.
  5593 | D:8      | 5593 ||| Waiting for ranged monster.
  5653 | D:8      | 5653 ||| Stepping ~*~*~tactically~*~*~ (stealth).
  5737 | D:8      | 5737 ||| EATING 13 rations.
  5742 | D:8      | Reached skill level 11 in Axes
  5754 | D:8      | Noticed Psyche
  5763 | D:8      | Killed Psyche
  5771 | D:8      | 5771 ||| DRINKING potion of curing.
  5771 | D:8      | 5771 ||| (to cure confusion)
  5812 | D:8      | 5812 ||| INVOKING Heal Wounds.
  5817 | D:8      | Reached skill level 12 in Axes
  5830 | D:8      | 5830 ||| INVOKING Heal Wounds.
  5831 | D:8      | Reached XP level 10. HP: 65/88 MP: 9/9
  5836 | D:8      | 5836 ||| DRINKING 2 potions of cancellation.
  5844 | D:8      | 5844 ||| INVOKING Heal Wounds.
  5848 | D:8      | 5848 ||| INVOKING Heal Wounds.
  5852 | D:8      | 5852 ||| INVOKING Heal Wounds.
  5857 | D:8      | Killed a two-headed ogre
  5857 | D:8      | Reached skill level 6 in Armour
  5861 | D:8      | 5861 ||| INVOKING Heal Wounds.
  5862 | D:8      | 5862 ||| INVOKING Sacrifice Artifice.
  5862 | D:8      | Gained mutation: You cannot study or use magical devices.
                  | [Ru sacrifice]
  5862 | D:8      | Reached ** piety under Ru
  5862 | D:8      | Reached *** piety under Ru
  5864 | D:8      | 5864 ||| Stepping ~*~*~tactically~*~*~ (stealth).
  5865 | D:8      | 5865 ||| Stepping ~*~*~tactically~*~*~ (stealth).
  5869 | D:8      | 5869 ||| Stepping ~*~*~tactically~*~*~ (stealth).
  5873 | D:8      | 5873 ||| Stepping ~*~*~tactically~*~*~ (stealth).
  5874 | D:8      | 5874 ||| Stepping ~*~*~tactically~*~*~ (stealth).
  5875 | D:8      | 5875 ||| Stepping ~*~*~tactically~*~*~ (stealth).
  5891 | D:8      | 5891 ||| Stepping ~*~*~tactically~*~*~ (stealth).
  5910 | D:8      | Found a staircase to the Lair.
  5931 | D:8      | Found a bloodstained altar of Trog.
  6033 | D:8      | 6033 ||| UPGRADING to +0 plate armour.
  6043 | D:8      | 6043 ||| DROPPING +0 chain mail.
  6044 | D:8      | 6044 ||| DROPPING wand of iceblast (12).
  6079 | Lair:1   | Entered Level 1 of the Lair of Beasts
  6079 | Lair:1   | Noticed a black mamba
  6080 | Lair:1   | 6080 ||| Entered L.
  6112 | Lair:1   | 6112 ||| INVOKING Draw Out Power.
  6118 | Lair:1   | 6118 ||| INVOKING Heal Wounds.
  6124 | Lair:1   | 6124 ||| INVOKING Heal Wounds.
  6129 | Lair:1   | Killed a black mamba
  6130 | Lair:1   | 6130 ||| INVOKING Draw Out Power.
  6162 | Lair:1   | Reached skill level 6 in Fighting
  6199 | Lair:1   | 6199 ||| Stepping ~*~*~tactically~*~*~ (stealth).
  6200 | Lair:1   | 6200 ||| Stepping ~*~*~tactically~*~*~ (stealth).
  6201 | Lair:1   | 6201 ||| Stepping ~*~*~tactically~*~*~ (stealth).
  6205 | Lair:1   | 6205 ||| Stepping ~*~*~tactically~*~*~ (stealth).
  6211 | Lair:1   | 6211 ||| Stepping ~*~*~tactically~*~*~ (stealth).
  6232 | Lair:1   | 6232 ||| INVOKING Draw Out Power.
  6384 | Lair:1   | 6384 ||| INVOKING Draw Out Power.
  6429 | Lair:1   | 6429 ||| INVOKING Draw Out Power.
  6430 | Lair:1   | Reached skill level 13 in Axes
  6512 | Lair:1   | Noticed a black mamba
  6523 | Lair:1   | 6523 ||| INVOKING Draw Out Power.
  6526 | Lair:1   | 6526 ||| INVOKING Heal Wounds.
  6527 | Lair:1   | Killed a black mamba
  6533 | Lair:1   | HP: 22/91 [poisoned by a black mamba]
  6538 | Lair:1   | HP: 10/91 [poisoned by a black mamba]
  6540 | Lair:1   | 6540 ||| INVOKING Draw Out Power.
  6553 | Lair:1   | 6553 ||| INVOKING Draw Out Power.
  6565 | Lair:1   | 6565 ||| INVOKING Draw Out Power.
  6631 | Lair:1   | 6631 ||| Stepping ~*~*~tactically~*~*~ (stealth).
  6632 | Lair:1   | 6632 ||| Stepping ~*~*~tactically~*~*~ (stealth).
  6648 | Lair:1   | 6648 ||| INVOKING Heal Wounds.
  6655 | Lair:1   | Noticed a spiny frog
  6666 | Lair:1   | Killed a spiny frog
  6666 | Lair:1   | Reached XP level 11. HP: 87/97 MP: 8/8
  7049 | Lair:1   | Reached skill level 9 in Shields
  7050 | Lair:1   | 7050 ||| INVOKING Draw Out Power.
  7065 | Lair:1   | 7065 ||| EATING 17 rations.
  7242 | Lair:1   | 7242 ||| UPGRADING to runed helmet.
  7252 | Lair:1   | 7252 ||| DROPPING +1 helmet.
  7253 | Lair:1   | 7253 ||| READING scroll labeled VUPHOI WITHITU.
  7253 | Lair:1   | Identified a scroll of acquirement
  7253 | Lair:1   | 7253 ||| DRINKING 2 fuming orange potions.
  7254 | Lair:1   | 7254 ||| READING scroll of acquirement.
  7254 | Lair:1   | Acquired a +2 vorpal broad axe
  7256 | Lair:1   | 7256 ||| SWAPPING to +2 vorpal broad axe.
  7257 | Lair:1   | 7257 ||| DROPPING +1 war axe.
  7258 | Lair:1   | 7258 ||| DROPPING potion of flight.
  7286 | Lair:2   | 7286 ||| INVOKING Draw Out Power.
  7287 | Lair:2   | 7287 ||| STAIRDANCE
  7306 | Lair:2   | 7306 ||| INVOKING Draw Out Power.
  7308 | Lair:2   | 7308 ||| STAIRDANCE
  7353 | Lair:2   | 7353 ||| INVOKING Heal Wounds.
  7358 | Lair:2   | 7358 ||| INVOKING Heal Wounds.
  7371 | Lair:2   | Noticed Fannar
  7372 | Lair:2   | 7372 ||| Stepping ~*~*~tactically~*~*~ (hiding).
  7373 | Lair:2   | 7373 ||| Stepping ~*~*~tactically~*~*~ (hiding).
  7374 | Lair:2   | 7374 ||| Stepping ~*~*~tactically~*~*~ (hiding).
  7396 | Lair:2   | Killed Fannar
  7579 | Lair:2   | 7579 ||| Stepping ~*~*~tactically~*~*~ (stealth).
  7580 | Lair:2   | 7580 ||| INVOKING Sacrifice Essence.
  7580 | Lair:2   | Gained mutation: You are vulnerable to magic. (MR--) [Ru
                  | sacrifice]
  7580 | Lair:2   | Reached **** piety under Ru
  7591 | Lair:2   | 7591 ||| Stepping ~*~*~tactically~*~*~ (stealth).
  7592 | Lair:2   | 7592 ||| Stepping ~*~*~tactically~*~*~ (stealth).
  7610 | Lair:2   | 7610 ||| Stepping ~*~*~tactically~*~*~ (stealth).
  7613 | Lair:2   | 7613 ||| Stepping ~*~*~tactically~*~*~ (stealth).
  7614 | Lair:2   | 7614 ||| Stepping ~*~*~tactically~*~*~ (stealth).
  7616 | Lair:2   | 7616 ||| Stepping ~*~*~tactically~*~*~ (stealth).
  7618 | Lair:2   | 7618 ||| Stepping ~*~*~tactically~*~*~ (stealth).
  7621 | Lair:2   | Reached skill level 14 in Axes
  7623 | Lair:2   | 7623 ||| INVOKING Draw Out Power.
  7624 | Lair:2   | 7624 ||| FLEEEEING.
  7625 | Lair:2   | 7625 ||| STILL FLEEEEING.
  7631 | Lair:2   | 7631 ||| FLEEEEING.
  7632 | Lair:2   | 7632 ||| FLEEEEING.
  7633 | Lair:2   | 7633 ||| FLEEEEING.
  7634 | Lair:2   | 7634 ||| FLEEEEING.
  7672 | Lair:2   | You fall into a shaft and drop 1 floor!
  7673 | Lair:3   | 7673 ||| Shafted from Lair:2 to Lair:3.
  7674 | Lair:3   | 7674 ||| Stepping ~*~*~tactically~*~*~ (stealth).
  7692 | Lair:3   | 7692 ||| INVOKING Draw Out Power.
  7697 | Lair:3   | 7697 ||| Stepping ~*~*~tactically~*~*~ (stealth).
  7708 | Lair:3   | 7708 ||| INVOKING Draw Out Power.
  7713 | Lair:3   | 7713 ||| Stepping ~*~*~tactically~*~*~ (stealth).
  7738 | Lair:3   | 7738 ||| Stepping ~*~*~tactically~*~*~ (stealth).
  7739 | Lair:3   | 7739 ||| Stepping ~*~*~tactically~*~*~ (stealth).
  7740 | Lair:3   | 7740 ||| Stepping ~*~*~tactically~*~*~ (stealth).
  7741 | Lair:3   | 7741 ||| Stepping ~*~*~tactically~*~*~ (stealth).
  7770 | Lair:3   | Noticed a four-headed hydra
  7771 | Lair:3   | 7771 ||| Stepping ~*~*~tactically~*~*~ (stealth).
  7773 | Lair:3   | 7773 ||| Stepping ~*~*~tactically~*~*~ (stealth).
  7777 | Lair:3   | 7777 ||| Stepping ~*~*~tactically~*~*~ (stealth).
  7778 | Lair:3   | 7778 ||| Stepping ~*~*~tactically~*~*~ (stealth).
  7779 | Lair:3   | 7779 ||| Stepping ~*~*~tactically~*~*~ (stealth).
  7780 | Lair:3   | 7780 ||| Stepping ~*~*~tactically~*~*~ (stealth).
  7786 | Lair:3   | 7786 ||| Stepping ~*~*~tactically~*~*~ (stealth).
  7787 | Lair:3   | 7787 ||| Stepping ~*~*~tactically~*~*~ (stealth).
  7788 | Lair:3   | 7788 ||| Stepping ~*~*~tactically~*~*~ (stealth).
  7789 | Lair:3   | 7789 ||| Stepping ~*~*~tactically~*~*~ (stealth).
  7790 | Lair:3   | 7790 ||| Stepping ~*~*~tactically~*~*~ (stealth).
  7794 | Lair:3   | 7794 ||| Stepping ~*~*~tactically~*~*~ (stealth).
  7795 | Lair:3   | 7795 ||| SWAPPING to +0 flail.
  7802 | Lair:3   | 7802 ||| Stepping ~*~*~tactically~*~*~ (stealth).
  7812 | Lair:3   | 7812 ||| INVOKING Draw Out Power.
  7813 | Lair:3   | Killed a four-headed hydra
  7814 | Lair:3   | 7814 ||| SWAPPING to +2 vorpal broad axe.
  7825 | Lair:3   | 7825 ||| INVOKING Heal Wounds.
  7834 | Lair:3   | 7834 ||| INVOKING Draw Out Power.
  7890 | Lair:2   | 7890 ||| Successfully unshafted to Lair:2.
  7937 | Lair:2   | 7937 ||| Stepping ~*~*~tactically~*~*~ (stealth).
  8024 | Lair:2   | Noticed a five-headed hydra
  8028 | Lair:2   | 8028 ||| SWAPPING to +0 flail.
  8041 | Lair:2   | 8041 ||| INVOKING Draw Out Power.
  8042 | Lair:2   | 8042 ||| FLEEEEING.
  8043 | Lair:2   | 8043 ||| FLEEEEING.
  8044 | Lair:2   | 8044 ||| FLEEEEING.
  8045 | Lair:2   | 8045 ||| FLEEEEING.
  8046 | Lair:2   | 8046 ||| FLEEEEING.
  8047 | Lair:2   | Killed a five-headed hydra
  8048 | Lair:2   | 8048 ||| STAIRDANCE
  8050 | Lair:1   | 8050 ||| SWAPPING to +2 vorpal broad axe.
  8056 | Lair:1   | 8056 ||| INVOKING Draw Out Power.
  8068 | Lair:1   | 8068 ||| UPGRADING to glowing golden ring.
  8069 | Lair:1   | 8069 ||| UPGRADING to diamond ring.
  8071 | Lair:1   | 8071 ||| READING 2 scrolls of remove curse.
  8072 | Lair:1   | 8072 ||| REMOVING ring of attention.
  8073 | Lair:1   | 8073 ||| DROPPING ring of attention.
  8074 | Lair:1   | 8074 ||| UPGRADING to ring of positive energy.
  8134 | Lair:2   | Noticed a death yak
  8145 | Lair:2   | Killed a death yak
  8152 | Lair:2   | 8152 ||| INVOKING Draw Out Power.
  8239 | Lair:2   | 8239 ||| Stepping ~*~*~tactically~*~*~ (hiding).
  8240 | Lair:2   | 8240 ||| Waiting for ranged monster.
  8243 | Lair:2   | 8243 ||| DRINKING potion of cancellation.
  8303 | Lair:2   | Reached skill level 6 in Dodging
  8303 | Lair:2   | Reached XP level 12. HP: 89/109 MP: 8/8
  8314 | Lair:2   | 8314 ||| INVOKING Draw Out Power.
  8342 | Lair:2   | 8342 ||| Stepping ~*~*~tactically~*~*~ (stealth).
  8343 | Lair:2   | 8343 ||| Stepping ~*~*~tactically~*~*~ (stealth).
  8344 | Lair:2   | 8344 ||| Stepping ~*~*~tactically~*~*~ (stealth).
  8448 | Lair:2   | 8448 ||| UPGRADING to tower shield.
  8459 | Lair:2   | 8459 ||| DROPPING +0 kite shield.
  8509 | Lair:3   | 8509 ||| READING scroll of acquirement.
  8509 | Lair:3   | Acquired a manual of Shields
  8557 | Lair:3   | 8557 ||| Stepping ~*~*~tactically~*~*~ (stealth).
  8635 | Lair:3   | 8635 ||| Stepping ~*~*~tactically~*~*~ (stealth).
  8870 | Lair:3   | 8870 ||| INVOKING Draw Out Power.
  8874 | Lair:3   | HP: 27/109 [poisoned by a redback]
  8876 | Lair:3   | HP: 13/109 [poisoned by a redback]
  8877 | Lair:3   | HP: 6/109 [poisoned by a redback]
  8878 | Lair:3   | Succumbed to a redback's poison

Levels and vault maps discovered:
D:1:      dpeg_arrival_simpleton_b, layout_loops_ring
D:2:      layout_rooms, serial_corexii_hall, corexii_hall_statues_s,
          corexii_hall_statues_t, corexii_hall_statues_x,
          chequers_hall_statues_wall_a
D:3:      layout_basic
D:4:      layout_gridville, marbit_many_paths, old_standard_altar
D:5:      layout_loops_ring, minmay_temple_entry_purple_smoke, first_ration
D:6:      layout_loops_ring, xom_teletrap_fun
D:7:      layout_loops_ring, nemelex_xobeh_ov_fountains_minmay, enter_bailey_3
D:8:      layout_loops_ring, bloody_trog, chequers_temple_overflow_minitemple,
          minmay_lair_entry_grove, basic_altar, special_room [special_room_orc],
          uniq_pikel, uniq_psyche
Temple:   dpeg_chambers_temple
Lair:1:   layout_small_grid
Lair:2:   layout_cave_pods, lemuel_fruit_fields, uniq_fannar
Lair:3:   layout_cave_shapes, spider_nest_entry_funnel_web, minivault_24

Skill      XL: |  1  2  3  4  5  6  7  8  9 10 11 12 |
---------------+-------------------------------------+-----
Axes           | 3 4 5 6 7 9 10 12 13 14 | 14.8
Dodging        | 1 2 3 6 |  6.0
Spellcasting   | 1 2 |  2.0
Shields        | 4 7 8 9 11 | 11.8
Fighting       | 3 4 5 6 7 |  7.2
Armour         | 4 7 8 |  8.1

Action                   |  1- 3 |  4- 6 |  7- 9 | 10-12 || total
-------------------------+-------+-------+-------+-------++-------
Melee: War axe           |   119 |   156 |   486 |   212 ||   973
       Broad axe         |       |       |       |   217 ||   217
       Flail             |       |       |       |    27 ||    27
Throw: Boomerang         |       |    13 |    30 |    57 ||   100
       Javelin           |       |     8 |    25 |    31 ||    64
Invok: Sacrifice Essence |       |       |     1 |     1 ||     2
       Draw Out Power    |       |       |       |    22 ||    22
       Sacrifice Artific |       |       |       |     1 ||     1
 Abil: Heal Wounds       |     1 |     1 |    12 |    11 ||    25
  Use: Scroll            |     2 |    10 |     8 |     3 ||    23
       Potion            |       |     4 |     2 |     3 ||     9
 Stab: Distracted        |       |       |     2 |     3 ||     5
       Invisible         |       |       |       |     1 ||     1
  Eat: Chunk             |     1 |     7 |    11 |     8 ||    27
       Ration            |       |       |       |     1 ||     1
Armor: Scale mail        |    19 |       |       |       ||    19
       Chain mail        |    24 |    66 |   153 |     3 ||   246
       Plate armour      |       |       |       |   155 ||   155
Dodge: Dodged            |    30 |    22 |   105 |   126 ||   283
Block: Kite shield       |    49 |    71 |   195 |   207 ||   522
       Tower shield      |       |       |       |    45 ||    45

Table legend:
 A = Non-vault XP
 B = Vault XP
 C = Vault XP percentage of total XP
 D = Non-vault monster count
 E = Vault monster count
 F = Vault count percentage of total count
                 A         B        C        D         E       F
            +---------+---------+-------+---------+---------+-------
      Total |   21485 |    5208 |  19.5 |     230 |      47 |  17.0
            +---------+---------+-------+---------+---------+-------
        D:1 |      46 |       0 |   0.0 |      23 |       0 |   0.0
        D:2 |      63 |       0 |   0.0 |      18 |       0 |   0.0
        D:3 |     148 |       0 |   0.0 |      25 |       0 |   0.0
        D:4 |     221 |      15 |   6.4 |      13 |       1 |   7.1
        D:5 |     593 |       0 |   0.0 |      21 |       0 |   0.0
        D:6 |     517 |       0 |   0.0 |      17 |       0 |   0.0
        D:7 |     469 |       8 |   1.7 |      23 |       4 |  14.8
        D:8 |    1902 |    3212 |  62.8 |      18 |      37 |  67.3
     Lair:1 |    4676 |       0 |   0.0 |      22 |       0 |   0.0
     Lair:2 |    6670 |     960 |  12.6 |      24 |       1 |   4.0
     Lair:3 |    6180 |    1013 |  14.1 |      26 |       4 |  13.3
            +---------+---------+-------+---------+---------+-------
